cohdb
Replays
Latest Replays
All Replays
Popular Replays
Top Player Replays
Match Explorer
How It Works
Community
CoH3 Stats
Reddit
Sign in to upload your games and track your stats! →
Sign in with Steam
Match 46631614
Unlisted
Match 46631614
Overview
Messages
Build Orders
End
Engineer Squad
Construct Barracks
Selects Advanced Infantry Battlegroup
Riflemen Squad
Riflemen Squad
Riflemen Squad
Infantry Support Center
Construct Medical Station
Selects Artillery Observers
Construct Weapon Support Center
Selects Convert to Ranger Squad
M1919 Machine Gun Team
Convert to Ranger Squad
Mortar Pit
Convert to Ranger Squad
Selects M2A1 105mm Howitzer Emplacement
Construct Tank Depot
Convert to Ranger Squad
Mortar Pit
M4A1 Sherman Medium Tank
M4A1 Sherman Medium Tank
Selects Free Fire Drills
Selects Designate Assault Position
Engineer Squad
Selects Ranger Weapon Training
Advanced Logistics
Survival Training
.30 cal Machine Gun
Cpt Darling
jwalker987
bubahey
Cooter McGavin
0
0
Comments
sign in to comment!
No comments posted yet!